 Dungeon Crawl Stone Soup version 0.28.0-53-g5a82cb258f (webtiles) character file.

Game seed: 5660414798169650155

403 mortz the Sneak (level 7, -3/38 HPs)
             Began as a Kobold Earth Elementalist on July 17, 2022.
             Slain by a kobold brigand
             ... wielding a +0 short sword
              (9 damage)
             ... on level 3 of the Dungeon.
             The game lasted 00:24:31 (4230 turns).

mortz the Sneak (Kobold Earth Elementalist)         Turns: 4230, Time: 00:24:31

Health: -3/38      AC:  3    Str:  5    XL:     7   Next: 11%
Magic:  15/21      EV: 15    Int: 19    God:
Gold:   38         SH:  0    Dex: 15    Spells: 6/12 levels left

rFire   . . .      SeeInvis .   a - +1 dagger {short}
rCold   . . .      Faith    .   (no shield)
rNeg    . . .      Spirit   .   b - +1 robe
rPois   .          Reflect  .   (no helmet)
rElec   .          Harm     .   (no cloak)
rCorr   .          Rampage  .   (no gloves)
Will    .....                   (no boots)
Stlth   ++++......              (no amulet)
HPRegen 0.12/turn               h - ring of magical power
MPRegen 0.17/turn               (no ring)

@: slowed, very slow
A: small, no large weapons, nightstalker 3
a: no special abilities


You were on level 3 of the Dungeon.
You visited 1 branch of the dungeon, and saw 3 of its levels.
You also visited: Sewer.

You collected 38 gold pieces.


Innate Abilities, Weirdness & Mutations

You are small and have problems with some larger weapons.
You are completely attuned to the shadows.


   Skills:
 + Level 1.3 Fighting
 + Level 2.8 Short Blades
 + Level 1.5 Throwing
 + Level 3.2 Dodging
 * Level 5.1 Stealth
 + Level 3.3 Spellcasting
 * Level 1.9 Conjurations
 + Level 1.0 Transmutations
 * Level 4.3 Earth Magic


You had 6 spell levels left.
You knew the following spells:

 Your Spells              Type           Power      Damage    Failure   Level
a - Sandblast             Erth           38%        2d10      2%          1
b - Passwall              Tmut/Erth      10%        N/A       8%          2
c - Stone Arrow           Conj/Erth      30%        3d8       12%         3

Your spell library contained the following spells:

 Spells                   Type           Power      Damage    Failure   Level
 Petrify                  Tmut/Erth      13%        N/A       43%         4
 Leda's Liquefaction      Hex/Erth       5%         N/A       52%         4
 Lee's Rapid Deconstruct  Erth           9%         3d8*      56%         5
 Statue Form              Tmut/Erth      8%         N/A       100%        6

Inventory:

Hand Weapons
 a - a +1 dagger (weapon) {short}
   (You took it off a goblin on level 1 of the Dungeon)
 d - a +0 short sword {short}
   (You found it on level 2 of the Dungeon)
 e - a +0 dagger {short}
   (You found it on level 1 of the Dungeon)
 k - a +0 spear {polearm}
   (You found it on level 1 of the Dungeon)
Missiles
 c - a poisoned dart (quivered) {throwing}
 m - a stone {throwing}
 n - 3 atropa-tipped darts {throwing}
Armour
 b - a +1 robe (worn)
Jewellery
 h - a ring of magical power (left hand)
   (You found it on level 1 of the Dungeon)
Scrolls
 g - 2 scrolls of teleportation {unknown}
 l - a scroll of fog
Potions
 f - a potion of degeneration {unknown}
 i - a potion of attraction {unknown}
 j - a potion of berserk rage {unknown}
 p - a potion of invisibility {unknown}

Dungeon Overview and Level Annotations

Branches:
Dungeon (3/15)              Sewer (visited)

Altars:

Annotations:
D:2 1 runed translucent door, Crazy Yiuf

## #### ###
###.+##≈≈###≈#
....#≈≈≈≈≈≈K.#
#..#≈≈÷≈≈≈@≈#
#..'##≈≈###≈#
###..####.###
##........ #
####.###
######## #..#
......># #.##
†#####.# #.#
.## #.# #.#


You could see a kobold brigand.


Message History

You throw a curare-tipped dart {=fthrowing}.
The curare-tipped dart {=fthrowing} closely misses the kobold brigand.
Throw: 3 darts (poison) {throwing}
Press: ? - help, Q - select action, (/) - cycle Shift-Dir - straight line, f/p - kobold brigand
Aim: a kobold brigand, wielding a +0 short sword and quivering curare-tipped darts (50% to hit)
You throw a poisoned dart {throwing}.
The poisoned dart {throwing} hits the kobold brigand.
The kobold brigand is poisoned.
You hear a splash.
You enter the shallow water.
Moving in this stuff is going to be slow.
The kobold brigand throws a curare-tipped dart.
The curare-tipped dart closely misses you.
The kobold brigand looks more healthy.
Throw: 2 darts (poison) {throwing}
Press: ? - help, Q - select action, (/) - cycle Shift-Dir - straight line, f/p - kobold brigand
Aim: a kobold brigand, wielding a +0 short sword and quivering curare-tipped darts (lightly wounded, 50% to hit)
You throw a poisoned dart {throwing}.
The poisoned dart {throwing} hits the kobold brigand.
The kobold brigand is poisoned.
The kobold brigand throws a curare-tipped dart.
The curare-tipped dart completely misses you.
The kobold brigand throws a curare-tipped dart.
The curare-tipped dart barely misses you.
The kobold brigand throws a curare-tipped dart.
The curare-tipped dart completely misses you.
The kobold brigand looks more healthy.
You enter the shallow water.
Moving in this stuff is going to be slow.
The kobold brigand throws a curare-tipped dart.
The curare-tipped dart hits you.
You are poisoned.
You have difficulty breathing.
You feel yourself slow down. 😕 HP[-6]
You take 6 damage, and now have 32/38 hp.
You feel very sick. 😕 HP[-3]
You take 3 damage, and now have 29/38 hp.
You enter the shallow water.
Moving in this stuff is going to be slow.
You feel very sick. 😮 HP[-3]
You take 3 damage, and now have 26/38 hp.
You feel very sick.
The kobold brigand throws a curare-tipped dart.
The curare-tipped dart completely misses you. 😮 HP[-2]
You take 2 damage, and now have 24/38 hp.
You feel sick.
You are no longer poisoned. 😮 HP[-1]
You take 1 damage, and now have 23/38 hp.
The kobold brigand throws a curare-tipped dart.
The curare-tipped dart hits you.
You are poisoned.
You have difficulty breathing.
* * * LOW HITPOINT WARNING * * *
You feel as though you will be slow longer. 😨 HP[-5]
You take 5 damage, and now have 18/38 hp.
You feel very sick.
There is a gate leading back out of this place here. 😨 HP[-3]
You take 3 damage, and now have 15/38 hp.
You feel sick.
Welcome back to the Dungeon!
You feel very sick.
There is a collapsed entrance here. 😨 HP[-5]
You take 5 damage, and now have 10/38 hp.
You feel sick.
The kobold brigand hits you with a +0 short sword.
* * * LOW HITPOINT WARNING * * *
There is a large open door here. 😱 HP[-4]
You take 4 damage, and now have 6/38 hp.
Casting: Stone Arrow (dangerous; 12% risk of failure)
Confirm with . or Enter, or press ? or * to list all spells.
Okay, then.
Casting: Stone Arrow (dangerous; 12% risk of failure)
Confirm with . or Enter, or press ? or * to list all spells.
Aiming: Stone Arrow (dangerous; 12% risk of failure)
Press: ? - help, Shift-Dir - straight line, f - kobold brigand
Aim: a kobold brigand, wielding a +0 short sword and quivering curare-tipped darts (lightly wounded, 60% to hit)
The stone arrow misses the kobold brigand.
You feel sick.
You are no longer poisoned.
The kobold brigand closely misses you. 😱 HP[-1] MP[-3]
You take 1 damage, and now have 5/38 hp.
You lost 3 mp, and now have 18/21 mp.
Casting: Stone Arrow (dangerous; 12% risk of failure)
Confirm with . or Enter, or press ? or * to list all spells.
Aiming: Stone Arrow (dangerous; 12% risk of failure)
Press: ? - help, Shift-Dir - straight line, f/p - kobold brigand
Aim: a kobold brigand, wielding a +0 short sword and quivering curare-tipped darts (lightly wounded, 60% to hit)
The stone arrow hits the kobold brigand!
The kobold brigand hits you with a +0 short sword!
You die...

Skill      XL: |  1  2  3  4  5  6 |
---------------+-------------------+-----
Stealth        | 3 4 5 |  5.1
Fighting       | 1 |  1.3
Short Blades   | 1 2 |  2.8
Spellcasting   | 3 |  3.3
Conjurations   | 1 |  1.9
Earth Magic    | 4 |  4.3
Dodging        | 3 |  3.2
Throwing       | 1 |  1.5
Transmutations | |  1.0

Action                   |  1- 3 |  4- 6 |  7- 9 || total
-------------------------+-------+-------+-------++-------
Melee: Dagger            |    34 |   162 |       ||   196
       Punch             |       |     2 |       ||     2
Throw: Dart              |       |    40 |     4 ||    44
       Stone             |       |     1 |       ||     1
 Cast: Sandblast         |    26 |     6 |       ||    32
       Stone Arrow       |       |     7 |     2 ||     9
  Use: Scroll            |     5 |       |       ||     5
 Stab: Sleeping          |    13 |     4 |       ||    17
Armor: Robe              |     6 |    20 |       ||    26
Dodge: Dodged            |    24 |   105 |     6 ||   135

Levels and vault maps discovered:
D:1:      eino_arrival_cavern_e, layout_basic, st_stairs_1,
          supply_closet_lemuel, chequers_serial_rivers_large_a
D:2:      layout_rooms, uniq_crazy_yiuf_cottage
D:3:      layout_loops_corners, okawaru_metal_pillars_3, gup_sewer_entry_bowl,
          chequers_avenue

Notes
Turn   | Place    | Note
-------+----------+-------------------------------------------
     0 | D:1      | mortz the Kobold Earth Elementalist began the quest for the
                  | Orb.
     0 | D:1      | Reached XP level 1. HP: 10/10 MP: 3/3
     0 | D:1      | magus.rc [v1.9.6]
   126 | D:1      | Reached XP level 2. HP: 15/15 MP: 3/5
   373 | D:1      | You pick up a book of the Earth and begin reading...
   373 | D:1      | You add the spells Leda's Liquefaction, Lee's Rapid
                  | Deconstruction and Statue Form to your library.
   640 | D:1      | Reached XP level 3. HP: 19/19 MP: 7/7
  1343 | D:2      | Learned a level 2 spell: Passwall
  1347 | D:2      | Learned a level 3 spell: Stone Arrow
  1370 | D:2      | Found a runed translucent door.
  1373 | D:2      | Noticed Crazy Yiuf
  1508 | D:2      | Reached skill level 3 in Stealth
  1537 | D:2      | Reached XP level 4. HP: 12/24 MP: 8/8
  1579 | D:2      | HP: 6/24 [jackal (2)]
  1592 | D:2      | HP: 3/24 [jackal (2)]
  1598 | D:3      | HP: 2/24 [jackal (1)]
  1956 | D:3      | Found a glowing drain.
  1960 | Sewer    | Entered a sewer
  2191 | Sewer    | Noticed a kobold brigand
  2216 | Sewer    | Killed a kobold brigand
  2217 | Sewer    | Reached skill level 1 in Fighting
  2217 | Sewer    | Reached skill level 1 in Short Blades
  2217 | Sewer    | Reached skill level 4 in Stealth
  2217 | Sewer    | Reached skill level 3 in Spellcasting
  2217 | Sewer    | Reached skill level 1 in Conjurations
  2217 | Sewer    | Reached XP level 5. HP: 29/29 MP: 7/9
  2392 | Sewer    | Reached skill level 4 in Earth Magic
  2700 | Sewer    | Noticed a kobold brigand
  2720 | Sewer    | Killed a kobold brigand
  2721 | Sewer    | Reached skill level 2 in Short Blades
  2721 | Sewer    | Reached skill level 3 in Dodging
  2721 | Sewer    | Reached XP level 6. HP: 11/34 MP: 6/10
  2721 | Sewer    | HP: 8/34 [poisoned by a kobold brigand]
  2724 | Sewer    | HP: 3/34 [poisoned by a kobold brigand]
  2726 | Sewer    | HP: 1/34 [poisoned by a kobold brigand]
  3899 | Sewer    | Reached skill level 1 in Throwing
  4102 | Sewer    | Reached skill level 5 in Stealth
  4102 | Sewer    | Reached XP level 7. HP: 29/38 MP: 12/12
  4228 | D:3      | HP: 9/38 [poisoned by a kobold brigand (curare-tipped
                  | dart)]
  4230 | D:3      | Slain by a kobold brigand

Vanquished Creatures
  4 kobold brigands (Sewer)
  3 adders
  3 river rats
  3 worms
  A dart slug (D:1)
  4 bats
  9 endoplasms
  3 giant cockroaches
  2 goblins
  4 hobgoblins (D:1)
  2 jackals
  3 quokkas
  8 ball pythons
  2 frilled lizards
  3 kobolds
  10 rats
64 creatures vanquished.

Table legend:
 A = Non-vault XP
 B = Vault XP
 C = Vault XP percentage of total XP
 D = Non-vault monster count
 E = Vault monster count
 F = Vault count percentage of total count
                 A         B        C        D         E       F
            +---------+---------+-------+---------+---------+-------
      Total |      81 |     495 |  85.9 |      33 |      31 |  48.4
            +---------+---------+-------+---------+---------+-------
        D:1 |      31 |       6 |  16.2 |      18 |       3 |  14.3
        D:2 |      46 |       0 |   0.0 |      12 |       0 |   0.0
        D:3 |       4 |      15 |  78.9 |       3 |       2 |  40.0
      Sewer |       0 |     474 | 100.0 |       0 |      26 | 100.0
            +---------+---------+-------+---------+---------+-------

Illustrated notes

Table legend:
 A = Kills in this place as a percentage of kills in entire the game.
 B = Kills by you in this place as a percentage of kills by you in the entire game.
 C = Kills by friends in this place as a percentage of kills by friends in the entire game.
 D = Other kills in this place as a percentage of other kills in the entire game.
 E = Experience gained in this place as a percentage of experience gained in the entire game.
 F = Experience gained in this place divided by the number of levels of this place that you have seen.
                   A       B       C       D       E      F
               +-------+-------+-------+-------+-------+----------------------
         Total | 100.0 | 100.0 |   N/A |   N/A | 100.0 | 144.0
       Dungeon |  59.4 |  59.4 |   N/A |   N/A |  17.7 |  34.0
         Sewer |  40.6 |  40.6 |   N/A |   N/A |  82.3 | 474.0
               +-------+-------+-------+-------+-------+----------------------

Table legend: (Time is in decaauts)
 A = Elapsed time spent in this place.
 B = Non-inter-level travel time spent in this place.
 C = Inter-level travel time spent in this place.
 D = Time resting spent in this place.
 E = Time spent auto-exploring this place.
 F = Levels seen in this place.
 G = Mean time per level.
                   A        B        C        D        E       F      G
               +--------+--------+--------+--------+--------+-----+--------+
         Total |   4542 |   4479 |     63 |   1597 |   1641 |   4 | 1135.5 |
       Dungeon |   1981 |   1918 |     63 |    371 |   1215 |   3 |  660.3 |
         Sewer |   2561 |   2561 |      0 |   1226 |    425 |   1 | 2561.0 |
               +--------+--------+--------+--------+--------+-----+--------+

Top non-repeatable levels by time:
   Sewer: 2561 daAuts
     D:1: 1312 daAuts
     D:3: 373 daAuts
     D:2: 295 daAuts
